 Dungeon Crawl Stone Soup version 0.27.1-3-gb3d3a73c9e (webtiles) character file.

Game seed: 10086532691567222854

47 styxcanada the Sneak (level 3, -1/18 HPs)
             Began as a Spriggan Brigand on Oct 26, 2021.
             Slain by a worm (11 damage)
             ... on level 2 of the Dungeon.
             The game lasted 00:04:43 (1362 turns).

styxcanada the Sneak (Spriggan Brigand)             Turns: 1362, Time: 00:04:43

Health: -1/18      AC:  3    Str:  7    XL:     3   Next: 48%
Magic:  4/4        EV: 17    Int: 12    God:
Gold:   21         SH:  0    Dex: 17    Spells: 2/2 levels left

rFire    . . .     SeeInvis +   a - +2 dagger
rCold    . . .     Faith    .   (shield restricted)
rNeg     . . .     Spirit   .   b - +0 robe
rPois    .         Reflect  .   (helmet restricted)
rElec    .         Harm     .   c - +0 cloak
rCorr    .         Rampage  .   (gloves unavailable)
Will     .....                  (boots unavailable)
Stlth    ++++......             (no amulet)
HPRegen  0.06/turn              (no ring)
MPRegen  0.09/turn              (no ring)

@: very quick
A: very small, no large weapons, unfitting armour, see invisible, speed 3
a: no special abilities


You were on level 2 of the Dungeon.
You visited 1 branch of the dungeon, and saw 2 of its levels.

You collected 21 gold pieces.

Inventory:

Hand Weapons
 a - a +2 dagger (weapon)
 k - a +0 hunting sling
Missiles
 d - 8 poisoned darts (quivered)
 e - 2 curare-tipped darts
 f - 34 stones
 h - 28 sling bullets
Armour
 b - a +0 robe (worn)
 c - a +0 cloak (worn)
Scrolls
 g - 5 scrolls of identify {unknown}
 i - a scroll of immolation {unknown}


   Skills:
 * Level 1.7 Fighting
 + Level 2.3 Short Blades
 + Level 2.1 Throwing
 * Level 2.6 Dodging
 * Level 7.1 Stealth


You had 2 spell levels left.
You didn't know any spells.
Your spell library was empty.

Dungeon Overview and Level Annotations

Branches:
Dungeon (2/15)

Altars:


Innate Abilities, Weirdness & Mutations

You are very small and have problems with some larger weapons.
You are too small for most types of armour.
You have supernaturally acute eyesight. (SInv)
You cover ground extremely quickly. (Speed+++)


Message History

You start waiting.
Done waiting.
Found a scroll labelled QIHIDW NAARUS.
g - 5 scrolls labelled QIHIDW NAARUS (gained 1)
A worm comes into view.
You hit the worm.
The worm is lightly wounded.
The worm bites you.
You barely miss the worm. You completely miss the worm.
The worm closely misses you.
You hit the worm.
The worm is lightly wounded.
The worm barely misses you.
You hit the worm.
The worm is moderately wounded.
You hit the worm.
The worm is moderately wounded.
The worm barely misses you.
You hit the worm but do no damage.
The worm is moderately wounded.
You hit the worm but do no damage.
The worm is moderately wounded.
The worm bites you.
You hit the worm.
The worm is moderately wounded.
You hit the worm.
The worm is heavily wounded.
The worm barely misses you.
You hit the worm.
The worm is heavily wounded.
You completely miss the worm.
The worm is heavily wounded.
The worm closely misses you.
You hit the worm.
The worm is heavily wounded.
You hit the worm but do no damage.
The worm is heavily wounded.
The worm bites you!
Ouch! That really hurt!
You die...

##...## ###..
##.....## #.....
#.......####..#.#
#...............#
#...............##
##...............#
#................#
#.................
#.)..@w..........#
##....<...........#
##................
#..............#
##.#.##......#...
#....###.##..)##..
#.....##.....>....
#.###.###...#.###
#.# .# #...#.#


You could see a worm.

Vanquished Creatures
  2 adders (D:2)
  2 ball pythons (D:1)
  4 endoplasms
  A giant cockroach (D:1)
  4 goblins
  3 hobgoblins
  3 kobolds
  A quokka (D:1)
  A bat (D:1)
  A frilled lizard (D:1)
  6 rats
28 creatures vanquished.

Notes
Turn   | Place    | Note
-------+----------+-------------------------------------------
     0 | D:1      | styxcanada the Spriggan Brigand began the quest for the
                  | Orb.
     0 | D:1      | Reached XP level 1. HP: 10/10 MP: 2/2
   122 | D:1      | Reached skill level 6 in Stealth
   255 | D:1      | Reached XP level 2. HP: 11/14 MP: 3/3
   471 | D:1      | Found a faded altar of an unknown god.
   705 | D:2      | Reached skill level 7 in Stealth
   705 | D:2      | Reached XP level 3. HP: 9/18 MP: 4/4
  1362 | D:2      | Slain by a worm

Illustrated notes

Levels and vault maps discovered:
D:1:      dpeg_arrival_castle, layout_basic, ebering_ecumenical_altar_hall
D:2:      layout_rooms, uniq_sigmund

Skill      XL: |  1  2 |
---------------+-------+-----
Stealth        | 6 7 |  7.1
Dodging        | 2 |  2.6
Fighting       | |  1.7
Short Blades   | |  2.3
Throwing       | |  2.1

Action                   || total
-------------------------++-------
Melee: Dagger            ||    96
Throw: Dart              ||     8
  Use: Potion            ||     1
 Stab: Sleeping          ||    15
Armor: Robe              ||     7
Dodge: Dodged            ||    54
